 Dungeon Crawl Stone Soup version 0.28-b1-25-g9875b3fc8c (webtiles) character file.

Game seed: 11321041783738556248

789 lordive the Summoner (level 7, -2/36 HPs)
             Began as a Tengu Summoner on Jan 31, 2022.
             Engulfed by a steam dragon's steam (8 damage)
             ... on level 4 of the Dungeon.
             The game lasted 00:13:08 (5548 turns).

lordive the Summoner (Tengu Summoner)               Turns: 5548, Time: 00:13:08

Health: -2/36      AC:  2    Str:  9    XL:     7   Next: 87%
Magic:  6/13       EV: 15    Int: 17    God:
Gold:   145        SH:  5    Dex: 14    Spells: 4/13 levels left

rFire   . . .      SeeInvis .   n - +2 war axe (vorpal)
rCold   + . .      Faith    .   (no shield)
rNeg    . . .      Spirit   .   a - +0 robe
rPois   .          Reflect  +   d - +0 hat
rElec   .          Harm     .   (no cloak)
rCorr   .          Rampage  .   (no gloves)
Will    .....                   (boots unavailable)
Stlth   ++........              j - amulet of reflection
HPRegen 0.12/turn               i - ring of protection from cold
MPRegen 0.13/turn               (no ring)

@: flying quickly and evasively, quick
A: beak, talons 3, nimble flight
a: no special abilities


You were on level 4 of the Dungeon.
You visited 1 branch of the dungeon, and saw 4 of its levels.

You collected 145 gold pieces.

Inventory:

Hand Weapons
 n - a +2 vorpal war axe (weapon)
Missiles
 s - a throwing net
Armour
 a - a +0 robe (worn)
 d - a +0 hat (worn)
 o - a +0 leather armour
Magical Staves
 c - a staff of poison
Jewellery
 i - a ring of protection from cold (left hand)
 j - an amulet of reflection (around neck)
 l - a ring of fire
Wands
 k - a wand of iceblast (7)
 q - a wand of mindburst (14)
 r - a wand of polymorph (15)
Scrolls
 b - 2 scrolls of identify {unknown}
 g - a scroll of enchant weapon {unknown}
 h - a scroll of noise {unknown}
 t - a scroll of fog {unknown}
Potions
 e - 4 potions of curing
 f - a potion of ambrosia {unknown}
 m - 3 potions of heal wounds {unknown}
 p - 2 potions of flight {unknown}


   Skills:
 + Level 0.2 Fighting
 + Level 3.3 Dodging
 + Level 2.7 Stealth
 + Level 0.8 Shields
 - Level 3.8 Spellcasting
 * Level 9.6 Summonings


You had 4 spell levels left.
You knew the following spells:

 Your Spells              Type           Power      Damage    Failure   Level
a - Summon Small Mammal   Summ           100%       N/A       1%          1
b - Call Imp              Summ           35%        N/A       1%          2
c - Call Canine Familiar  Summ           35%        N/A       1%          3
d - Summon Guardian Gole  Hex/Summ       19%        N/A       7%          3

Your spell library contained the following spells:

 Spells                   Type           Power      Damage    Failure   Level
 Foxfire                  Conj/Fire      12%        2x1d4     16%         1
 Animate Armour           Summ/Erth      38%        N/A       22%         4
 Summon Lightning Spire   Summ/Air       19%        N/A       22%         4
 Blade Hands              Tmut           1%         N/A       99%         5
 Iron Shot                Conj/Erth      1%         9d1       100%        6


Dungeon Overview and Level Annotations

Branches:
Dungeon (4/15)
 Temple: D:4-7

Altars:

Shops:
D:2 :


Innate Abilities, Weirdness & Mutations

You have a beak for a mouth.
You have claws for feet.
Your magical nature lets you fly swiftly and evasively.


Message History

Your wolf bites the kobold!
The kobold dies!
Things that are here:
a +0 whip; a kobold corpse You swap places.
Your wolf disappears in a puff of smoke!
You now have 145 gold pieces (gained 15).
You see here a +0 club.
There is an open door here.
A steam dragon comes into view.
The steam dragon hisses angrily.
The steam dragon moves out of view.
A steam dragon is nearby!
Casting: Call Canine Familiar (safe; 1% risk of failure)
Confirm with . or Enter, or press ? or * to list all spells.
Casting: Call Canine Familiar (safe; 1% risk of failure)
Confirm with . or Enter, or press ? or * to list all spells.
A beastly little devil appears in a puff of flame.
The steam dragon misses you. The steam dragon claws you.
Unknown command.
Casting: Call Imp (safe; 1% risk of failure)
Confirm with . or Enter, or press ? or * to list all spells.
The steam dragon bites you! You block the steam dragon's attack.
Your crimson imp hits the steam dragon but does no damage.
Unknown command.
Casting: Summon Small Mammal (safe; 1% risk of failure)
Confirm with . or Enter, or press ? or * to list all spells.
Your hound closely misses the steam dragon.
The steam dragon breathes steam at you. The ball of steam hits you!
* * * LOW HITPOINT WARNING * * *
The ball of steam hits your rat!
Your rat dies!
Your rat's corpse disappears in a puff of smoke!
Your hound closely misses the steam dragon.
Your crimson imp hits the steam dragon but does no damage.
You hear a shout!
Unknown command.
You are engulfed in a cloud of scalding steam.
You die...

.........#####....###.#
##
.......)............#..#
##.....................#
##....................
##....####'#......... #
##...#....########..
.### ##..#.88r# #... #.
.... ...#.88h#5.# ..###
...#§.@§D..# ######### #
#. ... ...


You could see a steam dragon (ally target), a friendly hound (summoned) and a
friendly quokka (summoned).

Vanquished Creatures
  A goblin (D:3)
1 creature vanquished.

Vanquished Creatures (collateral kills)
  Grinder (D:4)
  An ogre (D:4)
  Blork the orc (D:4)
  A scorpion (D:2)
  An orc priest (D:3)
  2 hounds
  2 iguanas (D:4)
  A hound skeleton (D:4)
  Robin (D:2)
  5 gnolls
  6 adders
  2 worms (D:2)
  5 dart slugs
  3 orcs (D:3)
  6 ball pythons
  8 bats
  4 endoplasms
  8 giant cockroaches
  7 hobgoblins
  2 jackals (D:1)
  9 kobolds
  4 frilled lizards
  21 goblins
  5 rats
106 creatures vanquished.

Grand Total: 107 creatures vanquished

Notes
Turn   | Place    | Note
-------+----------+-------------------------------------------
     0 | D:1      | lordive the Tengu Summoner began the quest for the Orb.
     0 | D:1      | Reached XP level 1. HP: 10/10 MP: 4/4
    67 | D:1      | Reached skill level 5 in Summonings
    67 | D:1      | Reached XP level 2. HP: 3/15 MP: 0/6
   334 | D:1      | Learned a level 2 spell: Call Imp
   936 | D:1      | Reached XP level 3. HP: 19/19 MP: 0/7
  1001 | D:1      | Found a faded altar of an unknown god.
  1014 | D:1      | Learned a level 3 spell: Call Canine Familiar
  1057 | D:1      | Got Plato's Tome of Fire
  1994 | D:2      | Noticed a scorpion
  2217 | D:2      | Killed a scorpion
  2218 | D:2      | Reached skill level 6 in Summonings
  2218 | D:2      | Reached XP level 4. HP: 8/24 MP: 0/10
  2622 | D:2      | Gained mutation: Your magical nature lets you fly swiftly
                  | and evasively. [Tengu growth]
  2622 | D:2      | Reached XP level 5. HP: 17/28 MP: 6/11
  3053 | D:2      | Noticed Robin
  3151 | D:2      | Killed Robin
  3230 | D:2      | Learned a level 3 spell: Summon Guardian Golem
  3533 | D:2      | Found Udadghot's Book Shop.
  3631 | D:3      | Reached XP level 6. HP: 32/32 MP: 6/12
  4000 | D:3      | Reached skill level 7 in Summonings
  4116 | D:3      | Identified the +0 ring mail of Absence {Stlth+}
  4863 | D:4      | Noticed Blork the orc
  4867 | D:4      | Noticed Grinder
  4876 | D:4      | Killed Blork the orc
  4907 | D:4      | Paralysed by Grinder for 2 turns
  4918 | D:4      | Killed Grinder
  4919 | D:4      | Reached skill level 8 in Summonings
  4919 | D:4      | Reached XP level 7. HP: 29/36 MP: 5/13
  5096 | D:4      | Reached skill level 9 in Summonings
  5542 | D:4      | Noticed a steam dragon
  5548 | D:4      | Engulfed by a steam dragon's steam

Illustrated notes

Levels and vault maps discovered:
D:1:      dpeg_arrival_more_subterranean_lakeside_camping, layout_basic,
          shapermc_ecumenical_altar_rom_forum, hex_intersection,
          corexii_corridor_pit
D:2:      layout_rooms, serial_shops, nicolae_shop_crystal, uniq_robin
D:3:      layout_rooms, kennysheep_generic_room_2
D:4:      minmay_chambers_of_fours, layout_layer_cave, uniq_blork_the_orc,
          uniq_duvessa, uniq_grinder

Skill      XL: |  1  2  3  4  5  6  7 |
---------------+----------------------+-----
Summonings     | 5 6 8 9 |  9.6
Spellcasting   | 3 |  3.8
Dodging        | 3 |  3.3
Fighting       | |  0.2
Stealth        | |  2.7
Shields        | |  0.8

Action                   |  1- 3 |  4- 6 |  7- 9 || total
-------------------------+-------+-------+-------++-------
Melee: Unarmed           |     1 |     2 |       ||     3
       Kick              |     1 |       |       ||     1
       War axe           |       |     1 |       ||     1
 Cast: Summon Small Mamm |    37 |    17 |    10 ||    64
       Call Imp          |    17 |    11 |     3 ||    31
       Call Canine Famil |     6 |    28 |     5 ||    39
  Use: Potion            |     1 |       |       ||     1
Armor: Robe              |     4 |    17 |     2 ||    23
Dodge: Dodged            |    26 |    59 |    13 ||    98
Block: Other             |       |    22 |     2 ||    24
       Reflection        |       |     1 |       ||     1
